 Dungeon Crawl Stone Soup version 0.23.0-3-gf3c87f2 (webtiles) character file.

Game seed: 11198033067413115859

48 vishdafish the Skirmisher (level 3, -6/29 HPs)
             Began as a Demonspawn Fighter on Feb 22, 2019.
             Killed by nerve-wracking pain
             ... invoked by a shadow imp
             ... summoned by Natasha
              (14 damage)
             ... on level 2 of the Dungeon.
             The game lasted 00:01:16 (1010 turns).

vishdafish the Skirmisher (Demonspawn Fighter)      Turns: 1010, Time: 00:01:18

Health: -6/29      AC:  8    Str: 16    XL:     3   Next: 50%
Magic:  3/3        EV:  6    Int: 10    God:
Gold:   123        SH:  8    Dex: 12    Spells: 2/2 levels left

rFire    x . .     SeeInvis .   a - +0 long sword
rCold    + . .     Gourm    .   c - +0 shield
rNeg     . . .     Faith    .   b - +0 scale mail
rPois    .         Spirit   .   (no helmet)
rElec    .         Reflect  .   (no cloak)
rCorr    .         Harm     .   (no gloves)
MR       .....                  (no boots)
Stlth    ..........             (no amulet)
HPRegen  0.09/turn              i - ring of ice
MPRegen  0.08/turn              (no ring)

@: no status effects
A: thin metallic scales 1
a: no special abilities


You were on level 2 of the Dungeon.
You were hungry.

You visited 1 branch of the dungeon, and saw 2 of its levels.

You collected 123 gold pieces.

Inventory:

Hand Weapons
 a - a +0 long sword (weapon)
Armour
 b - a +0 scale mail (worn)
 c - a +0 shield (worn)
Jewellery
 i - a ring of ice (left hand)
Scrolls
 d - a scroll of identify {unknown}
 g - a scroll of magic mapping {unknown}
 j - a scroll of remove curse {unknown}
Potions
 h - a potion of brilliance {unknown}
Comestibles
 f - 4 rations


   Skills:
 + Level 3.4 Fighting
 + Level 2.1 Long Blades
 + Level 3.1 Armour
 + Level 3.1 Shields


You had 2 spell levels left.
You didn't know any spells.
Your spell library was empty.

Dungeon Overview and Level Annotations

Branches:
Dungeon (2/15)

Altars:

Annotations:
D:2 Jessica, Natasha


Innate Abilities, Weirdness & Mutations

You are partially covered in thin metallic scales. (AC +2)


Message History

You block Natasha's attack.
You hit Jessica.
Jessica is heavily wounded.
You block Jessica's attack. You block the shadow imp's attack.
Jessica drinks a potion.
Jessica is healed!
Natasha claws you!
The shadow imp hits you but does no damage.
You block Jessica's attack.
You barely miss Jessica. Natasha claws you but does no damage.
Jessica gestures at you while chanting. You resist with some effort.
The shadow imp barely misses you. Jessica hits you.
Natasha claws you but does no damage.
You closely miss Jessica. Jessica hits you but does no damage.
The shadow imp hits you. Natasha claws you.
You closely miss Jessica. You block Jessica's attack. The shadow imp hits you.
* * * LOW HITPOINT WARNING * * *
Jessica points at you and mumbles some strange words.
You barely resist. Natasha barely misses you. The shadow imp gestures at you.
Pain shoots through your body!
You die...

#...#.# .
#<#.#.#
...(###...#
..........#
...#####.># .
+.....## ####
...#####.##.....
.........)..^...
#.....@@h....!..
#.....5.........
................
$...............
......#####.....
...... .....
...... .....
...... ..


You could see Natasha, a shadow imp and Jessica.

Vanquished Creatures
  2 adders (D:2)
  An ooze (D:1)
  5 giant cockroaches (D:1)
  7 hobgoblins
  2 ball pythons
  A bat (D:2)
  3 frilled lizards
  A goblin (D:2)
  3 kobolds (D:1)
  A rat (D:1)
26 creatures vanquished.

Notes
Turn   | Place    | Note
-------+----------+-------------------------------------------
     0 | D:1      | vishdafish the Demonspawn Fighter began the quest for the
                  | Orb.
     0 | D:1      | Reached XP level 1. HP: 18/18 MP: 1/1
    76 | D:1      | Gained mutation: You are partially covered in thin metallic
                  | scales. (AC +2) [demonic ancestry]
    76 | D:1      | Reached XP level 2. HP: 16/24 MP: 2/2
   808 | D:2      | Reached XP level 3. HP: 29/29 MP: 3/3
   998 | D:2      | Noticed Jessica
  1000 | D:2      | Noticed Natasha
  1010 | D:2      | Killed from afar by a shadow imp

Skill      XL: |  1  2 |
---------------+-------+-----
Long Blades    | 2 |  2.1
Armour         | 3 |  3.1
Shields        | 3 |  3.1
Fighting       | |  3.4

Action                   || total
-------------------------++-------
Melee: Long sword        ||   107
  Use: Potion            ||     2
Armor: Scale mail        ||    64
Dodge: Dodged            ||    35
Block: Shield            ||    48
       Rpst.: Long sword ||    10
